Map: Simulacrum LE

Players

StarGirL - Winner!

  • Race: Zerg Zerg
  • League: Master
  • Spawn Location: 11:00

A.I. 1 (Very Easy)

  • Race: Terran Terran
  • Spawn Location: 5:00

VOD

Have the link to the VOD?

Description

Your first drone you build at the start of the game rallies to the location you want to proxy. Typically around their third base. Build it in a location that their scouting worker/reaper will not go by on their path to scout your base.
@100% spawning pool, build a queen at both hatcheries, a roach warren, and 1 pair of lings at your proxy.
These lings will go to the natural to kill the scv building the cc if he didn't scv scout you and sends the reaper across the map.
From here, build 2 overlords in the main, and just roaches from your proxy.
When the queen at your proxy spawns use it to tumor towards their base and use it in the push.
Make 3 ravagers initially to begin biling. 3 biles kills a tank/lib.
Use your main hatchery to build overlords and the proxy to build roaches.
As you float money, build queens at your proxy. You won't need to inject so just save their energy for transfuse.

Time

  • Played on: May 20, 2020, 1:31 a.m.
  • Length: 4:09
Show
View Real Time Build Order
Export as new Build Order

StarGirL Zerg - Winner!

Build Orders: Hatch First 

Get SALT Encoding   

  12  0:01  Drone  
  13  0:12  Overlord  
  13  0:17  Drone  
  14  0:30  Drone x2  
  16  0:38  Drone  
  17  0:55  Hatchery  
  16  0:57  Drone  
  16  1:01  Drone  
  18  1:15  Spawning Pool  
  18  1:17  Drone  
  18  1:20  Drone  
  19  1:28  Drone  
  19  1:32  Extractor  
  19  1:34  Extractor  
  19  1:38  Drone  
  19  1:50  Drone  
  20  2:01  Drone  
  21  2:03  Roach Warren, Queen  
  21  2:06  Queen  
  24  2:09  Zergling x2  
  25  2:17  Overlord  
  25  2:25  Overlord  
  24  2:42  Roach  
  28  2:46  Roach x2  
  30  2:54  Roach  
  32  2:59  Queen  
  32  3:03  Ravager  
  35  3:06  Ravager x2  
  35  3:10  Roach  
  39  3:15  Drone  
  40  3:21  Overlord  
  40  3:29  Roach  
  42  3:36  Overlord  
  42  3:41  Roach  
  44  3:44  Roach  
  46  3:52  Ravager  
Show
View Real Time Build Order
Export as new Build Order

A.I. 1 (Very Easy) Terran 

Build Orders:  

Get SALT Encoding   

  12  0:00  SCV  
  13  0:13  SCV  
  14  0:18  Supply Depot  
  14  0:37  Refinery  
  14  0:41  Barracks  
  14  1:03  Supply Depot  
  14  1:13  Refinery  
  14  1:28  Marine  
  14  1:31  Orbital Command  
  15  1:56  SCV  
  16  2:08  SCV  
  17  2:14  Marine  
  18  2:20  SCV  
  19  2:32  SCV  
  19  2:33  Barracks Tech Lab  
  20  2:44  SCV  
  21  2:56  SCV  
  22  3:01  Marauder  
  22  3:30  Marine  
  22  3:33  Supply Depot  
  19  3:45  SCV  
Tags
 
League
Master
Matchup
TvZ
Spawn Locations
Cross Positions
Add a new tag
Caveats
  • Supply blocks, unpowered buildings, or Contaminate may cause inaccurate times.
  • Supply counts are checked every 10 seconds.